 Dungeon Crawl Stone Soup version 0.28-a0-1560-g060a6a1bfc (webtiles) character file.

Game seed: 10411578375820313779

35 BritishOli the Ducker (level 3, -1/28 HPs)
             Began as a Demonspawn Gladiator on Jan 19, 2022.
             Succumbed to a scorpion's poison
             ... on level 3 of the Dungeon.
             The game lasted 00:01:36 (1935 turns).

BritishOli the Ducker (Demonspawn Gladiator)        Turns: 1935, Time: 00:01:37

Health: -1/28      AC:  8    Str: 16    XL:     3   Next: 16%
Magic:  3/3        EV: 10    Int:  9    God:
Gold:   68         SH:  4    Dex: 14    Spells: 2/2 levels left

rFire   . . .      SeeInvis .   a - +0 long sword
rCold   . . .      Faith    .   (no shield)
rNeg    . . .      Spirit   .   n - +0 scale mail
rPois   .          Reflect  .   c - +0 helmet
rElec   .          Harm     .   k - +0 cloak
rCorr   .          Rampage  .   (no gloves)
Will    .....                   (no boots)
Stlth   ..........              (no amulet)
HPRegen 0.09/turn               (no ring)
MPRegen 0.08/turn               (no ring)

@: lethally poisoned (-1 -> -16)
A: condensation shield
a: no special abilities


You were on level 3 of the Dungeon.
You visited 1 branch of the dungeon, and saw 3 of its levels.

You collected 68 gold pieces.

Inventory:

Hand Weapons
 a - a +0 long sword (weapon)
Missiles
 d - 3 throwing nets (quivered)
Armour
 c - a +0 helmet (worn)
 k - a +0 cloak (worn)
 n - a +0 scale mail (worn)
Jewellery
 l - a ring of see invisible
Scrolls
 b - a scroll of holy word {unknown}
 e - 3 scrolls of teleportation {unknown}
 h - a scroll of fear {unknown}
 j - a scroll of enchant armour {unknown}
 p - 2 scrolls of noise {unknown}
Potions
 f - a potion of flight {unknown}
 g - a potion of resistance {unknown}
 i - 2 potions of curing {unknown}
 m - a potion of attraction {unknown}


   Skills:
 + Level 2.5 Fighting
 + Level 3.0 Long Blades
 + Level 2.2 Throwing
 + Level 3.0 Dodging


You had 2 spell levels left.
You didn't know any spells.
Your spell library was empty.

Dungeon Overview and Level Annotations

Branches:
Dungeon (3/15)

Altars:

Shops:
D:2 ?


Innate Abilities, Weirdness & Mutations

A meltable shield of frost defends you. (SH +4)


Message History

The scorpion is moderately wounded.
The scorpion stings you. The scorpion barely misses you.
You closely miss the scorpion.
The scorpion is moderately wounded.
The scorpion stings you but does no damage.
You hit the scorpion.
The scorpion is moderately wounded.
The scorpion stings you but does no damage.
The scorpion stings you.
You hit the scorpion but do no damage.
The scorpion is moderately wounded.
The scorpion stings you but does no damage.
You barely miss the scorpion.
The scorpion is moderately wounded.
The scorpion stings you.
You are poisoned.
The scorpion poisons you! The scorpion closely misses you.
You hit the scorpion but do no damage.
The scorpion is moderately wounded.
You feel very sick.
The scorpion stings you but does no damage.
You hit the scorpion but do no damage.
The scorpion is moderately wounded.
You feel sick. You block the scorpion's attack.
The scorpion stings you but does no damage.
You hit the scorpion but do no damage.
The scorpion is moderately wounded.
You feel sick. The scorpion stings you.
* * * LOW HITPOINT WARNING * * *
You are lethally poisoned!
The scorpion poisons you!
You barely miss the scorpion.
The scorpion is moderately wounded.
* * * LOW HITPOINT WARNING * * *
You feel very sick.
The scorpion stings you but does no damage.
The scorpion barely misses you.
You hit the scorpion.
The scorpion is moderately wounded.
You die...

### .... .. #####
.>... ...#
...####[.....
.....#### #.#s@...#
#....####...#######
####...............
#####..#.###.....###
#......#...#####...#
#.###....#..## #.#
####.##..## .
#..##..# ##[###.#


You could see a scorpion.

Vanquished Creatures
  An adder (D:3)
  4 ball pythons
  2 endoplasms
  A giant cockroach (D:2)
  A goblin (D:1)
  2 hobgoblins
  3 kobolds
  2 quokkas
  3 bats
  2 frilled lizards (D:2)
  2 rats (D:1)
23 creatures vanquished.

Notes
Turn   | Place    | Note
-------+----------+-------------------------------------------
     0 | D:1      | BritishOli the Demonspawn Gladiator began the quest for the
                  | Orb.
     0 | D:1      | Reached XP level 1. HP: 16/16 MP: 1/1
   250 | D:1      | Found a faded altar of an unknown god.
   485 | D:1      | Gained mutation: A meltable shield of frost defends you.
                  | (SH +4) [demonic ancestry]
   485 | D:1      | Reached XP level 2. HP: 17/22 MP: 2/2
  1738 | D:2      | Found Usuguela's Magic Scroll Emporium.
  1917 | D:3      | Reached XP level 3. HP: 27/28 MP: 3/3
  1920 | D:3      | Noticed a scorpion
  1935 | D:3      | Succumbed to a scorpion's poison

Illustrated notes

Levels and vault maps discovered:
D:1:      mainiacjoe_arrival_reflecting_pool, layout_basic,
          hellmonk_ecumenical_altar_run_dry, ebering_dispersal_statue_hall
D:2:      layout_loops_corners, serial_shops, shop_scrolls,
          minmay_misc_feat_tower
D:3:      layout_rooms

Skill      XL: |  1  2 |
---------------+-------+-----
Throwing       | 2 |  2.2
Dodging        | 3 |  3.0
Long Blades    | 3 |  3.0
Fighting       | |  2.5

Action                   || total
-------------------------++-------
Melee: Long sword        ||    80
  Use: Potion            ||     1
Armor: Leather armour    ||    18
       Scale mail        ||    23
Dodge: Dodged            ||    54
Block: Other             ||    11

Table legend: (Time is in decaauts)
 A = Elapsed time spent in this place.
 B = Non-inter-level travel time spent in this place.
 C = Inter-level travel time spent in this place.
 D = Time resting spent in this place.
 E = Time spent auto-exploring this place.
 F = Levels seen in this place.
 G = Mean time per level.
                   A        B        C        D        E       F      G
               +--------+--------+--------+--------+--------+-----+--------+
         Total |   1955 |   1888 |     67 |      0 |   1651 |   3 |  651.7 |
       Dungeon |   1955 |   1888 |     67 |      0 |   1651 |   3 |  651.7 |
               +--------+--------+--------+--------+--------+-----+--------+

Top non-repeatable levels by time:
     D:2: 982 daAuts
     D:1: 891 daAuts
     D:3: 82 daAuts
